 Dungeon Crawl Stone Soup version 0.29-a0-529-gfa20dd96a1 (webtiles) character file.

Game seed: 5398446994294332125

18 zeratav the Chopper (level 2, -8/28 HPs)
             Began as a Naga Fighter on June 1, 2022.
             Mangled by a gnoll
             ... wielding a +0 halberd of protection
              (11 damage)
             ... on level 2 of the Dungeon.
             The game lasted 00:00:52 (1048 turns).

zeratav the Chopper (Naga Fighter)                  Turns: 1048, Time: 00:00:53

Health: -8/28      AC:  4    Str: 18    XL:     2   Next: 66%
Magic:  2/2        EV:  7    Int:  8    God:
Gold:   28         SH:  4    Dex: 10    Spells: 1/1 levels left

rFire   . . .      SeeInvis +   a - +0 war axe {axe}
rCold   . . .      Faith    .   c - +0 buckler
rNeg    . . .      Spirit   .   b - +0 scale mail
rPois   +          Reflect  .   (no helmet)
rElec   .          Harm     .   (no cloak)
rCorr   .          Rampage  .   (no gloves)
Will    .....                   (no barding)
Stlth   ..........              (no amulet)
HPRegen 0.09/turn               (no ring)
MPRegen 0.08/turn               (no ring)

@: very slow
A: AC +0, large, see invisible, deformed body, poison resistance, slowness 2,
spit poison 1, naga tail 1
a: Spit Poison


You were on level 2 of the Dungeon.
You visited 1 branch of the dungeon, and saw 2 of its levels.

You collected 28 gold pieces.


Innate Abilities, Weirdness & Mutations

Your serpentine skin is tough. (AC +0)
You have supernaturally acute eyesight. (SInv)
Armour fits poorly on your strangely shaped body.
Your system is resistant to poisons. (rPois)
You cover ground very slowly.
You can spit poison.
You have a snake-like lower body.


   Skills:
 - Level 3.0 Fighting
 + Level 3.1 Axes
 - Level 2.4 Armour
 - Level 2.6 Shields


You had one spell level left.
You didn't know any spells.
Your spell library contained the following spells:

 Spells                   Type           Power      Damage    Failure   Level
 Apportation              Tloc           0%         N/A       86%         1
 Necrotize                Necr           0%         1d4       86%         1
 Summon Small Mammal      Summ           0%         N/A       86%         1
 Call Canine Familiar     Summ           0%         N/A       99%         3
 Summon Guardian Golem    Hex/Summ       0%         N/A       99%         3

Inventory:

Hand Weapons
 a - a +0 war axe (weapon) {axe}
Armour
 b - a +0 scale mail (worn)
 c - a +0 buckler (worn)
 i - a +0 ring mail
   (You found it on level 1 of the Dungeon)
Scrolls
 f - a scroll of silence {unknown}
Potions
 d - a potion of might
 e - a potion of brilliance {unknown}
 g - 2 potions of curing {unknown}
 h - a potion of flight {unknown}

Dungeon Overview and Level Annotations

Branches:
Dungeon (2/15)

Altars:

## ##..
...
#.####
#....####
#.......
#.^.g#
#..@.#
#.##....#
#.# ###.#
#.# # #.#
#.# #.#
#<# #.#


You could see a gnoll.


Message History

You start resting.
You start resting.
You start resting.
HP[+25]
Your hp is fully restored (28).
A goblin comes into view. It is wielding a +0 club.
The goblin shouts!
You see here 7 gold pieces.
The splash of poison misses the goblin.
You barely miss the goblin. The goblin hits you but does no damage.
You closely miss the goblin. The goblin hits you but does no damage.
You block the goblin's attack.
You barely miss the goblin.
You have got your breath back.
The goblin hits you with a +0 club.
HP[-1]
You take 1 damage, and now have 27/28 hp.
You closely miss the goblin. The goblin closely misses you.
The goblin hits you but does no damage.
You slash the goblin!
You kill the goblin!
No target in view!
No target in view!
No target in view!
No target in view!
No target in view!
You now have 18 gold pieces (gained 7).
You pick up a book of Cantrips and begin reading...
You add the spells Necrotize and Apportation to your library.
HP[+1]
Your hp is fully restored (28).
A bat comes into view.
The splash of poison misses the bat.
The bat hits you but does no damage.
A bat is nearby!
You closely miss the bat. The bat hits you but does no damage.
You barely miss the bat. You block the bat's attack.
You have got your breath back.
The bat hits you but does no damage.
You closely miss the bat. The bat closely misses you.
The bat hits you but does no damage. The bat hits you.
HP[-1]
You take 1 damage, and now have 27/28 hp.
The bat hits you but does no damage. x2
You closely miss the bat. The bat barely misses you. x2
The bat hits you but does no damage.
You barely miss the bat. The bat barely misses you.
The bat hits you but does no damage. The bat closely misses you.
You miss the bat. The bat hits you but does no damage.
The bat barely misses you.
You miss the bat. The bat hits you but does no damage.
You closely miss the bat. The bat barely misses you.
You slash the bat!
You kill the bat!
No target in view!
No target in view!
No target in view!
No target in view!
No target in view!
No target in view!
No target in view!
No target in view!
No target in view!
No target in view!
No target in view!
No target in view!
h - a blue potion HP[+1]
Your hp is fully restored (28).
g - 2 viscous blue potions (gained 1)
i - a +0 ring mail You now have 28 gold pieces (gained 10).
Key pressed, stopping explore.
You see here a +1 dagger of holy wrath {short}.
Done exploring.
Done exploring.
(D) Dungeon
Where to? (? - help)
There is a stone staircase leading down here.
You climb downwards.
There is a stone staircase leading up here.
A gnoll comes into view.
It is wielding a +0 halberd of protection.
The gnoll barely misses you. You block the gnoll's attack.
You closely miss the gnoll. The gnoll barely misses you.
You barely miss the gnoll. You block the gnoll's attack.
The gnoll hits you with a +0 halberd of protection!
HP[-11]
You take 11 damage, and now have 17/28 hp.
MASSIVE DAMAGE!! (PAUSE)
You barely miss the gnoll. You block the gnoll's attack.
You closely miss the gnoll.
The gnoll hits you with a +0 halberd of protection!
Ouch! That really hurt!
* * * LOW HITPOINT WARNING * * *
HP[-14]
You take 14 damage, and now have 3/28 hp.
MASSIVE DAMAGE!! (PAUSE)
You hit the gnoll but do no damage.
The gnoll hits you with a +0 halberd of protection!
You die...

Skill      XL: |  1  2 |
---------------+-------+-----
Axes           | 3 |  3.1
Fighting       | |  3.0
Armour         | |  2.4
Shields        | |  2.6

Action                   || total
-------------------------++-------
Melee: War axe           ||    45
 Abil: Spit Poison       ||     2
Armor: Scale mail        ||    30
Dodge: Dodged            ||    19
Block: Buckler           ||    12

Levels and vault maps discovered:
D:1:      heliophobic_arrival_enchanted_forest, layout_loops_ring,
          nicolae_figureground_pulse
D:2:      kennysheep_the_goblin_king, layout_rooms, uniq_natasha

Notes
Turn   | Place    | Note
-------+----------+-------------------------------------------
     0 | D:1      | zeratav the Naga Fighter began the quest for the Orb.
     0 | D:1      | Reached XP level 1. HP: 21/21 MP: 1/1
     0 | D:1      | magus.rc [v1.9.6]
    36 | D:1      | You pick up a book of Callings and begin reading...
    36 | D:1      | You add the spells Summon Small Mammal, Call Canine
                  | Familiar and Summon Guardian Golem to your library.
   179 | D:1      | Reached XP level 2. HP: 22/28 MP: 2/2
   463 | D:1      | HP: 6/28 [goblin/+0 club (4)]
   464 | D:1      | Reached skill level 3 in Axes
   755 | D:1      | You pick up a book of Cantrips and begin reading...
   755 | D:1      | You add the spells Necrotize and Apportation to your
                  | library.
  1047 | D:2      | HP: 3/28 [gnoll/+0 halberd of protection (14)]
  1048 | D:2      | Mangled by a gnoll

Vanquished Creatures
  A dart slug (D:1)
  An endoplasm (D:1)
  2 giant cockroaches (D:1)
  3 goblins (D:1)
  2 hobgoblins (D:1)
  2 kobolds (D:1)
  A quokka (D:1)
  A bat (D:1)
  A rat (D:1)
14 creatures vanquished.

Table legend:
 A = Non-vault XP
 B = Vault XP
 C = Vault XP percentage of total XP
 D = Non-vault monster count
 E = Vault monster count
 F = Vault count percentage of total count
                 A         B        C        D         E       F
            +---------+---------+-------+---------+---------+-------
      Total |      26 |       0 |   0.0 |      14 |       0 |   0.0
            +---------+---------+-------+---------+---------+-------
        D:1 |      26 |       0 |   0.0 |      14 |       0 |   0.0
            +---------+---------+-------+---------+---------+-------

Illustrated notes

Table legend:
 A = Kills in this place as a percentage of kills in entire the game.
 B = Kills by you in this place as a percentage of kills by you in the entire game.
 C = Kills by friends in this place as a percentage of kills by friends in the entire game.
 D = Other kills in this place as a percentage of other kills in the entire game.
 E = Experience gained in this place as a percentage of experience gained in the entire game.
 F = Experience gained in this place divided by the number of levels of this place that you have seen.
                   A       B       C       D       E      F
               +-------+-------+-------+-------+-------+----------------------
         Total | 100.0 | 100.0 |   N/A |   N/A | 100.0 |  13.0
       Dungeon | 100.0 | 100.0 |   N/A |   N/A | 100.0 |  13.0
               +-------+-------+-------+-------+-------+----------------------

Table legend: (Time is in decaauts)
 A = Elapsed time spent in this place.
 B = Non-inter-level travel time spent in this place.
 C = Inter-level travel time spent in this place.
 D = Time resting spent in this place.
 E = Time spent auto-exploring this place.
 F = Levels seen in this place.
 G = Mean time per level.
                   A        B        C        D        E       F      G
               +--------+--------+--------+--------+--------+-----+--------+
         Total |   1320 |   1305 |     15 |    272 |    903 |   2 |  660.0 |
       Dungeon |   1320 |   1305 |     15 |    272 |    903 |   2 |  660.0 |
               +--------+--------+--------+--------+--------+-----+--------+

Top non-repeatable levels by time:
     D:1: 1302 daAuts
     D:2: 17 daAuts
